 Dungeon Crawl Stone Soup version 0.29.1-15-g9cfb28693d (webtiles) character file.

Game seed: 18428966108367151014

214 booth the Chopper (level 5, -4/41 HPs)
             Began as a Demonspawn Gladiator on Apr 25, 2023.
             Was a Plaything of Xom.
             Slain by an orc
             ... wielding a +0 flail
              (7 damage)
             ... on level 3 of the Dungeon.
             The game lasted 00:17:02 (3107 turns).

booth the Chopper (Demonspawn Gladiator)            Turns: 3107, Time: 00:17:03

Health: -4/41      AC:  5    Str: 16    XL:     5   Next: 59%
Magic:  5/5        EV: 13    Int:  9    God:    Xom [..*...]
Gold:   240        SH:  0    Dex: 15    Spells: 4/4 levels left

rFire   . . .      SeeInvis .   a - +0 war axe
rCold   . . .      Faith    .   (no shield)
rNeg    . . .      Spirit   .   b - +0 leather armour
rPois   .          Reflect  .   c - +0 helmet
rElec   .          Harm     .   g - +0 cloak
rCorr   +          Rampage  .   (no gloves)
Will    .....                   (no boots)
Stlth   +.........              q - amulet of regeneration
HPRegen 0.93/turn               n - ring of resist corrosion
MPRegen 0.09/turn               (no ring)

@: no status effects
A: claws 1, powered by death 1, powered by pain 1
a: Renounce Religion


You were on level 3 of the Dungeon.
You worshipped Xom.
You were a toy of Xom.
You visited 1 branch of the dungeon, and saw 3 of its levels.

You collected 240 gold pieces.

Inventory:

Hand Weapons
 a - a +0 war axe (weapon)
 p - a +0 mace
Missiles
 d - 3 throwing nets (quivered)
 e - 3 boomerangs
 h - 3 poisoned darts
 o - a javelin
Armour
 b - a +0 leather armour (worn)
 c - a +0 helmet (worn)
 g - a +0 cloak (worn)
 i - a +0 kite shield
Jewellery
 n - a ring of resist corrosion (left claw)
 q - an amulet of regeneration (around neck)
Scrolls
 k - a scroll of fog {unknown}
Potions
 f - a potion of brilliance
 j - a potion of lignification
 l - 2 potions of curing {unknown}
 m - 2 potions of flight {unknown}


   Skills:
 + Level 3.1 Fighting
 * Level 4.2 Axes
 + Level 2.9 Throwing
 + Level 3.4 Dodging


You had 4 spell levels left.
You didn't know any spells.
Your spell library contained the following spells:

 Spells                   Type           Power      Damage    Failure   Level
 Portal Projectile        Hex/Tloc       0%         N/A       83%         3
 Summon Guardian Golem    Hex/Summ       0%         N/A       83%         3
 Tukima's Dance           Hex            0%         N/A       83%         3
 Blade Hands              Tmut           0%         N/A       100%        5
 Orb of Destruction       Conj           0%         9d5       100%        7
 Spellforged Servitor     Conj/Summ      0%         N/A       100%        7


Dungeon Overview and Level Annotations

Branches:
Dungeon (3/15)

Altars:
Xom

Shops:
D:2 :


Innate Abilities, Weirdness & Mutations

You have sharp fingernails.
You regenerate a little health from kills.
You sometimes gain a little power by taking damage.


Message History

You completely miss the orc.
The orc is heavily wounded.
You hit the orc priest.
The orc priest hits you but does no damage.
The orc barely misses you.
The orc priest mumbles some strange prayers to Beogh against you.
Pain shoots through your body! The orc hits you with a +0 short sword.
The orc hits you but does no damage.
You closely miss the orc. You barely miss the orc priest. You hit the orc.
You kill the orc!
You hit the orc priest.
The orc priest is almost dead.
You closely miss the orc.
The orc priest looks satisfied for a moment.
You barely miss the orc priest.
The orc priest is almost dead.
You hit the orc. You hit the orc but do no damage.
The orc priest looks encouraged for a moment.
The orc misses you. The orc hits you with a +0 short sword.
The orc completely misses you. The orc hits you with a +0 flail.
The orc priest hits you but does no damage.
You closely miss the orc priest.
The orc priest is almost dead.
You barely miss the orc. You slash the orc!
You kill the orc!
The orc misses you.
The orc priest calls down the wrath of Beogh upon you.
Beogh smites you!
* * * LOW HITPOINT WARNING * * *
You hit the orc priest.
You kill the orc priest!
You hit the rat but do no damage. You closely miss the orc. The orc misses you.
The rat bites you but does no damage.
You closely miss the orc. You slash the rat!
You kill the rat!
The orc hits you but does no damage.
You barely miss the orc. The orc hits you with a +0 flail.
* * * LOW HITPOINT WARNING * * *
The orc hits you with a +0 flail!
You die...

#......#
#......#
#......#
#......#
#......#
#......#
#######......#.
#....>.........
+..)@).........
#..)o#########.
#....# #....#
#....# #....#
#....# #.....


You could see an orc.

Vanquished Creatures
  An orc priest (D:3)
  An iguana (D:3)
  5 adders
  5 dart slugs
  7 orcs (D:3)
  5 ball pythons (D:2)
  6 endoplasms
  8 giant cockroaches
  7 goblins
  8 hobgoblins
  7 jackals (D:1)
  4 quokkas
  6 bats
  7 frilled lizards
  7 kobolds
  8 rats
92 creatures vanquished.

Notes
Turn   | Place    | Note
-------+----------+-------------------------------------------
     0 | D:1      | booth the Demonspawn Gladiator began the quest for the Orb.
     0 | D:1      | Reached XP level 1. HP: 16/16 MP: 1/1
   169 | D:1      | Gained mutation: You have sharp fingernails. [demonic
                  | ancestry]
   169 | D:1      | Reached XP level 2. HP: 21/22 MP: 2/2
   242 | D:1      | Reached skill level 3 in Axes
   696 | D:1      | Reached XP level 3. HP: 27/28 MP: 3/3
  1268 | D:1      | Found a faded altar of an unknown god.
  1277 | D:1      | Prayed at the altar of an unknown god.
  1277 | D:1      | Became a worshipper of Xom of Chaos
  1543 | D:2      | Found Kaon's Book Boutique.
  1748 | D:2      | Gained mutation: You sometimes gain a little power by
                  | taking damage. [demonic ancestry]
  1748 | D:2      | Reached XP level 4. HP: 33/34 MP: 4/4
  2007 | D:2      | XOM: divination: detect items
  2699 | D:3      | Gained mutation: You regenerate a little health from kills.
                  | [demonic ancestry]
  2699 | D:3      | Reached XP level 5. HP: 37/40 MP: 5/5
  2716 | D:3      | Reached skill level 4 in Axes
  2965 | D:3      | XOM: cast spell 'Leda's Liquefaction'
  3107 | D:3      | Slain by an orc

Illustrated notes

Levels and vault maps discovered:
D:1:      lightli_arrival_lavapool, layout_loops_ring,
          dreamdust_ecumenical_altar_sealed_demon,
          wander_ebering_terrifying_dragon_lair
D:2:      minmay_thinvault, layout_loops_ring, serial_shops, shop
D:3:      layout_basic, general_overflow_altar, uniq_ijyb

Skill      XL: |  1  2  3  4  5 |
---------------+----------------+-----
Throwing       | 2 |  2.9
Axes           | 3 4 |  4.2
Dodging        | 3 |  3.4
Fighting       | 3 |  3.1

Action                   |  1- 3 |  4- 6 || total
-------------------------+-------+-------++-------
Melee: War axe           |   130 |   126 ||   256
       Punch             |       |     1 ||     1
Throw: Dart              |       |     1 ||     1
       Javelin           |       |     1 ||     1
  Use: Scroll            |     4 |     2 ||     6
       Potion            |     1 |       ||     1
Armor: Leather armour    |    38 |    37 ||    75
Dodge: Dodged            |   107 |    90 ||   197
